 Dungeon Crawl Stone Soup version 0.29-a0-333-gb4c28e87c6 (webtiles) character file.

Game seed: 8968700396401750554

210 Jortsu the Chopper (level 5, 0/41 HPs)
             Began as a Demonspawn Fighter on Apr 13, 2022.
             Slain by an ogre
             ... wielding a +0 giant spiked club
              (11 damage)
             ... on level 4 of the Dungeon.
             The game lasted 00:04:03 (2519 turns).

Jortsu the Chopper (Demonspawn Fighter)             Turns: 2519, Time: 00:04:03

Health: 0/41       AC: 12    Str: 18    XL:     5   Next: 56%
Magic:  5/5        EV:  9    Int: 10    God:
Gold:   165        SH:  4    Dex: 12    Spells: 4/4 levels left

rFire   . . .      SeeInvis .   a - +0 war axe
rCold   . . .      Faith    .   c - +0 buckler
rNeg    . . .      Spirit   .   b - +0 scale mail
rPois   .          Reflect  .   (helmet restricted)
rElec   .          Harm     .   o - +0 cloak
rCorr   .          Rampage  .   s - +1 pair of gloves
Will    .....                   p - +1 pair of boots
Stlth   ..........              f - amulet of the acrobat
HPRegen 0.13/turn               (no ring)
MPRegen 0.09/turn               (no ring)

@: no status effects
A: antennae 2, powered by death 1
a: no special abilities


You were on level 4 of the Dungeon.
You visited 1 branch of the dungeon, and saw 4 of its levels.

You collected 165 gold pieces.

Inventory:

Hand Weapons
 a - a +0 war axe (weapon)
Missiles
 i - a throwing net (quivered)
Armour
 b - a +0 scale mail (worn)
 c - a +0 buckler (worn)
 o - a +0 cloak (worn)
 p - a +1 pair of boots (worn)
 s - a +1 pair of gloves (worn)
Jewellery
 f - an amulet of the acrobat (around neck)
 g - a ring of wizardry
 n - a ring of magical power
Scrolls
 e - a scroll of noise
 j - a scroll of teleportation
 l - a scroll of enchant armour
Potions
 d - a potion of might
 h - 3 potions of lignification
 k - 4 potions of curing
 m - a potion of heal wounds {unknown}
 t - a potion of degeneration {unknown}


   Skills:
 + Level 3.5 Fighting
 + Level 3.9 Axes
 + Level 3.3 Armour
 + Level 1.1 Dodging
 + Level 0.1 Stealth
 + Level 3.2 Shields


You had 4 spell levels left.
You didn't know any spells.
Your spell library was empty.

Dungeon Overview and Level Annotations

Branches:
Dungeon (4/15)
 Temple: D:4-7

Altars:
Fedhas
Zin


Innate Abilities, Weirdness & Mutations

You have a pair of antennae on your head.
You regenerate a little health from kills.


Message History

You barely miss the necrophage.
The necrophage is heavily damaged.
The necrophage hits you but does no damage.
The necrophage hits you.
You feel drained.
You closely miss the necrophage.
The necrophage is heavily damaged.
The necrophage hits you.
You closely miss the necrophage.
The necrophage is heavily damaged.
The necrophage hits you but does no damage.
You slash the necrophage!
The necrophage is almost destroyed.
The necrophage barely misses you. You block the necrophage's attack.
You completely miss the necrophage.
The necrophage is almost destroyed.
The necrophage barely misses you.
You slash the necrophage!
You destroy the necrophage!
Your life force feels restored.
Your Dodging skill increases to level 1!
You see here a necrophage corpse.
HP restored.
You see here a hobgoblin corpse.
You now have 165 gold pieces (gained 10).
An ogre and a kobold come into view.
The kobold shouts!
You hear a shout!
There are monsters nearby!
An orc comes into view. It is wielding a +0 dagger.
You hit the ogre.
The ogre is lightly wounded.
The ogre barely misses you.
You slash the ogre!
The ogre is heavily wounded.
The ogre hits you with a +0 giant spiked club!!
Ouch! That really hurt!
* * * LOW HITPOINT WARNING * * *
You hit the ogre.
The ogre is severely wounded.
The ogre hits you with a +0 giant spiked club!
You die...

#.... #########..#
#.......<.#
#......).##
#........#
#........#
#....†.†.### ##.
#..........##.....
#(.......#@OKo....
#........####.....
#........# ...#
#........# .#
##########


You could see an ogre, an orc and a kobold.

Vanquished Creatures
  A necrophage (D:4)
  Natasha (D:2)
  3 adders (D:2)
  A worm (D:2)
  2 orcs (D:3)
  6 endoplasms
  4 giant cockroaches
  10 goblins
  9 hobgoblins
  16 jackals
  4 quokkas
  8 ball pythons
  6 bats
  5 frilled lizards
  7 kobolds
  6 rats
89 creatures vanquished.

Vanquished Creatures (others)
  12 plants (D:2)
12 creatures vanquished.

Grand Total: 101 creatures vanquished

Notes
Turn   | Place    | Note
-------+----------+-------------------------------------------
     0 | D:1      | Jortsu the Demonspawn Fighter began the quest for the Orb.
     0 | D:1      | Reached XP level 1. HP: 18/18 MP: 1/1
    96 | D:1      | Gained mutation: You regenerate a little health from kills.
                  | [demonic ancestry]
    96 | D:1      | Reached XP level 2. HP: 13/24 MP: 2/2
   449 | D:1      | Gained mutation: You have a pair of small antennae on your
                  | head. [demonic ancestry]
   449 | D:1      | Reached XP level 3. HP: 29/29 MP: 3/3
  1273 | D:2      | Reached XP level 4. HP: 18/35 MP: 4/4
  1601 | D:2      | Noticed Natasha
  1611 | D:2      | Killed Natasha
  1873 | D:3      | Gained mutation: You have a pair of antennae on your head.
                  | [demonic ancestry]
  1873 | D:3      | Reached XP level 5. HP: 41/41 MP: 5/5
  2250 | D:3      | Found a blossoming altar of Fedhas.
  2340 | D:4      | Reached skill level 1 in Dodging
  2514 | D:4      | Noticed an ogre
  2519 | D:4      | Slain by an ogre

Illustrated notes

Levels and vault maps discovered:
D:1:      shiori_arrival_elements, layout_basic, palyth_stone_intersect,
          minivault_19
D:2:      layout_rooms, basic_altar, guppyfry_early_lair_pool, uniq_natasha
D:3:      layout_loops_ring, fedhas_altar_2
D:4:      corexii_shantytown, layout_rooms, minmay_ogre_servants, uniq_robin

Skill      XL: |  1  2  3  4  5 |
---------------+----------------+-----
Axes           | 2 3 |  3.9
Shields        | 3 |  3.2
Armour         | 3 |  3.3
Dodging        | 1 |  1.1
Fighting       | |  3.5
Stealth        | |  0.1

Action                   |  1- 3 |  4- 6 || total
-------------------------+-------+-------++-------
Melee: War axe           |   132 |   110 ||   242
  Use: Scroll            |     2 |     8 ||    10
Armor: Scale mail        |    68 |    54 ||   122
Dodge: Dodged            |    94 |    66 ||   160
Block: Buckler           |    46 |    25 ||    71

Table legend: (Time is in decaauts)
 A = Elapsed time spent in this place.
 B = Non-inter-level travel time spent in this place.
 C = Inter-level travel time spent in this place.
 D = Time resting spent in this place.
 E = Time spent auto-exploring this place.
 F = Levels seen in this place.
 G = Mean time per level.
                   A        B        C        D        E       F      G
               +--------+--------+--------+--------+--------+-----+--------+
         Total |   2617 |   2521 |     96 |    300 |   1542 |   4 |  654.2 |
       Dungeon |   2617 |   2521 |     96 |    300 |   1542 |   4 |  654.2 |
               +--------+--------+--------+--------+--------+-----+--------+

Top non-repeatable levels by time:
     D:2: 974 daAuts
     D:1: 788 daAuts
     D:3: 650 daAuts
     D:4: 204 daAuts
